 Dungeon Crawl Stone Soup version 0.25-a0-308-geac79542e2 (webtiles) character file.

Game seed: 17262021885815138153, levelgen mode: deterministic

351 mopl the Cleaver (level 6, -11/52 HPs)
             Began as a Hill Orc Monk on Dec 21, 2019.
             Mangled by Crazy Yiuf
             ... wielding a +2 quarterstaff of chaos
              (18 damage)
             ... on level 3 of the Dungeon.
             The game lasted 00:04:38 (3580 turns).

mopl the Cleaver (Hill Orc Monk)                    Turns: 3580, Time: 00:04:40

Health: -11/52     AC:  6    Str: 16    XL:     6   Next: 61%
Magic:  6/6        EV: 12    Int: 10    God:
Gold:   125        SH:  0    Dex: 18    Spells: 5/5 levels left

rFire    . . .     SeeInvis .   a - +1 hand axe
rCold    . . .     Gourm    .   (no shield)
rNeg     . . .     Faith    .   j - +0 scale mail (curse)
rPois    .         Spirit   .   (no helmet)
rElec    .         Reflect  .   (no cloak)
rCorr    .         Harm     .   (no gloves)
MR       .....                  (no boots)
Stlth    +.........             (no amulet)
HPRegen  0.17/turn              f - -3 ring of evasion (curse)
MPRegen  0.10/turn              e - ring of attention (curse)

@: agile
A: no striking features
a: no special abilities


You were on level 3 of the Dungeon.
You were not hungry.

You visited 1 branch of the dungeon, and saw 5 of its levels.

You collected 125 gold pieces.

Inventory:

Hand Weapons
 a - a +1 hand axe (weapon)
Missiles
 b - 24 poisoned darts (quivered)
 i - 34 bolts
Armour
 j - a cursed +0 scale mail (worn)
 l - +0 steam dragon scales
Jewellery
 e - a cursed ring of attention (right hand)
 f - a cursed -3 ring of evasion (left hand)
 t - an uncursed ring of wizardry
Wands
 h - a wand of digging (8)
 m - a wand of flame (23)
 w - a wand of iceblast (4)
Scrolls
 d - 6 scrolls of identify
 n - a scroll of enchant armour {unknown}
 o - 2 scrolls of teleportation
 p - a scroll of fog {unknown}
 u - 2 scrolls of enchant weapon
Potions
 q - 2 potions of brilliance
 r - 2 potions of ambrosia
 s - a potion of haste
 v - a potion of flight
Comestibles
 c - 8 rations
 k - 4 chunks of flesh


   Skills:
 + Level 4.0 Fighting
 * Level 9.1 Axes
 + Level 1.2 Armour
 - Level 2.4 Dodging
 - Level 1.5 Stealth


You had 5 spell levels left.
You didn't know any spells.
Your spell library was empty.

Dungeon Overview and Level Annotations

Branches:
Dungeon (5/15)
 Temple: D:4-7

Altars:
Gozag
Makhleb
Okawaru
Xom

Annotations:
D:3 Crazy Yiuf


Message History

You feel sick.
Crazy Yiuf yells, "Citrus!
Sif Muna mobile toodlewoodle."
Crazy Yiuf barely misses you.
You barely miss Crazy Yiuf.
Crazy Yiuf is heavily wounded.
You feel sick.
Crazy Yiuf hits you with a +2 quarterstaff of chaos.
* * * LOW HITPOINT WARNING * * *
You feel agile all of a sudden.
You feel better.
You feel yourself speed up.
Crazy Yiuf hits you with a +2 quarterstaff of chaos.
Crazy Yiuf burns you.
You hit Crazy Yiuf.
Crazy Yiuf is severely wounded.
Crazy Yiuf grits, "Peeping rumpyflump return to song!"
Crazy Yiuf hits you with a +2 quarterstaff of chaos!
* * * LOW HITPOINT WARNING * * *
You are electrocuted!!
You die...

.... .#
##### .#
#).)# .#
#)..# .##
.). #.# #'#
.## ♣.♣♣ ##
#######
♣♣g♣ #
#.....#
♣@♣♣
#####.....#
♣♣.♣
..........#
♣♣)♣♣
#####.....#
♣♣..)♣ ##
#.....#
♣....♣ .#
#######
#....# .#
#....####
.#
#...###.#
.#
#.......#


You could see Crazy Yiuf.

Vanquished Creatures
  A phantom (D:3)
  A centaur (D:3)
  A hound (D:2)
  Ijyb (D:3)
  A worker ant (D:4)
  A howler monkey skeleton (D:4)
  4 adders
  An ooze (D:2)
  2 worms (D:2)
  2 dart slugs
  2 orcs
  A ball python (D:4)
  5 bats
  2 giant cockroaches
  8 goblins
  3 hobgoblins
  2 jackals (D:1)
  A quokka (D:2)
  3 frilled lizards
  9 kobolds
  A leopard gecko zombie (D:3)
  4 rats
56 creatures vanquished.

Notes
Turn   | Place    | Note
-------+----------+-------------------------------------------
     0 | D:1      | mopl the Hill Orc Monk began the quest for the Orb.
     0 | D:1      | Reached XP level 1. HP: 19/19 MP: 1/1
   402 | D:1      | Reached XP level 2. HP: 22/26 MP: 2/2
   528 | D:1      | Reached skill level 5 in Axes
  1247 | D:2      | Reached XP level 3. HP: 31/31 MP: 3/3
  1257 | D:2      | You fall into a shaft and drop 2 floors!
  1277 | D:5      | Entered Level 5 of the Dungeon
  1587 | D:4      | Reached skill level 6 in Axes
  1713 | D:4      | Reached XP level 4. HP: 30/39 MP: 4/4
  1786 | D:3      | Found a shimmering altar of Xom.
  1786 | D:3      | Found an iron altar of Okawaru.
  1818 | D:3      | Noticed a centaur
  1833 | D:3      | Killed a centaur
  1833 | D:3      | Reached skill level 7 in Axes
  1833 | D:3      | Reached XP level 5. HP: 12/45 MP: 5/5
  2221 | D:2      | Found an opulent altar of Gozag.
  2229 | D:2      | Reached skill level 8 in Axes
  2654 | D:2      | Found a burning altar of Makhleb.
  2708 | D:2      | Found an opulent altar of Gozag.
  2756 | D:2      | Reached XP level 6. HP: 51/51 MP: 6/6
  3074 | D:3      | Noticed a phantom
  3139 | D:3      | Killed a phantom
  3139 | D:3      | Reached skill level 9 in Axes
  3139 | D:3      | Reached skill level 1 in Armour
  3508 | D:3      | Noticed Ijyb
  3530 | D:3      | Killed Ijyb
  3530 | D:3      | Reached skill level 4 in Fighting
  3561 | D:3      | Found a runed translucent door.
  3562 | D:3      | Noticed Crazy Yiuf
  3580 | D:3      | Mangled by Crazy Yiuf

Levels and vault maps discovered:
D:1:      dpeg_arrival_connections, layout_basic
D:2:      layout_rooms, makhleb_blood_cavern_becter,
          nicolae_overflow_hidden_temple, grunt_gozag_breadcrumbs
D:3:      layout_loops_cross, gammafunk_temple_overflow_statue,
          uniq_crazy_yiuf_cottage, uniq_ijyb
D:4:      layout_basic, nicolae_overflow_crystal_walls, kennysheep_mini,
          first_ration, minmay_box_of_dots, uniq_robin
D:5:      layout_basic, basic_altar, lemuel_tele_altar, uniq_pikel

Skill      XL: |  1  2  3  4  5  6 |
---------------+-------------------+-----
Axes           | 5 6 7 8 9 |  9.1
Armour         | 1 |  1.2
Fighting       | 4 |  4.0
Dodging        | |  2.4
Stealth        | |  1.5

Action                   |  1- 3 |  4- 6 || total
-------------------------+-------+-------++-------
Melee: Hand axe          |    95 |   169 ||   264
  Use: Scroll            |     4 |     5 ||     9
       Potion            |       |     2 ||     2
 Stab: Sleeping          |     1 |       ||     1
  Eat: Chunk             |     2 |     7 ||     9
Armor: Scale mail        |    55 |    70 ||   125
       Robe              |     2 |       ||     2
Dodge: Dodged            |    44 |    46 ||    90

Table legend:
 A = Non-vault XP
 B = Vault XP
 C = Vault XP percentage of total XP
 D = Non-vault monster count
 E = Vault monster count
 F = Vault count percentage of total count
                 A         B        C        D         E       F
            +---------+---------+-------+---------+---------+-------
      Total |     426 |      76 |  15.1 |      54 |       2 |   3.6
            +---------+---------+-------+---------+---------+-------
        D:1 |      25 |       0 |   0.0 |      14 |       0 |   0.0
        D:2 |      74 |      40 |  35.1 |      17 |       1 |   5.6
        D:3 |     278 |      36 |  11.5 |      20 |       1 |   4.8
        D:4 |      49 |       0 |   0.0 |       3 |       0 |   0.0
            +---------+---------+-------+---------+---------+-------
